 Dungeon Crawl Stone Soup version 0.28.0-43-g3370ac3207 (webtiles) character file.

Game seed: 5921932165924025870

102 gzilladon the Chopper (level 4, -7/40 HPs)
             Began as a Hill Orc Monk on Mar 30, 2022.
             Was a Believer of Beogh.
             Mangled by an iguana (12 damage)
             ... on level 4 of the Dungeon.
             The game lasted 00:10:52 (4652 turns).

gzilladon the Chopper (Hill Orc Monk)               Turns: 4652, Time: 00:10:53

Health: -7/40      AC:  5    Str: 15    XL:     4   Next: 77%
Magic:  4/4        EV: 11    Int: 16    God:    Beogh [**....]
Gold:   100        SH:  0    Dex: 13    Spells: 3/3 levels left

rFire   . . .      SeeInvis .   a - +0 hand axe
rCold   . . .      Faith    .   (no shield)
rNeg    . . .      Spirit   .   v - +0 ring mail
rPois   +          Reflect  .   (no helmet)
rElec   .          Harm     .   (no cloak)
rCorr   .          Rampage  .   (no gloves)
Will    .....                   (no boots)
Stlth   +.........              (no amulet)
HPRegen 0.13/turn               c - +6 ring of intelligence
MPRegen 0.09/turn               k - ring of poison resistance

@: no status effects
A: no striking features
a: Renounce Religion, Smiting


You were on level 4 of the Dungeon.
You worshipped Beogh.
Beogh was pleased with you.
You visited 1 branch of the dungeon, and saw 4 of its levels.

You collected 100 gold pieces.

Inventory:

Hand Weapons
 a - a +0 hand axe (weapon)
Missiles
 d - 37 stones (quivered)
 e - 17 arrows
 j - 16 sling bullets
Armour
 b - a +0 robe
 n - a +0 leather armour
 v - a +0 ring mail (worn)
Jewellery
 c - a +6 ring of intelligence (left hand)
 k - a ring of poison resistance (right hand)
Wands
 s - a wand of digging (2)
Scrolls
 f - a scroll of fear {unknown}
 g - a scroll of blinking {unknown}
 i - a scroll of fog {unknown}
 o - a scroll of teleportation {unknown}
 p - a scroll of amnesia {unknown}
 r - 2 scrolls of identify {unknown}
Potions
 h - a potion of cancellation {unknown}
 l - 3 potions of brilliance {unknown}
 m - a potion of might {unknown}
 q - a potion of curing {unknown}
 t - a potion of haste {unknown}
 u - a potion of flight {unknown}


   Skills:
 + Level 4.0 Fighting
 * Level 6.1 Axes
 + Level 1.1 Armour
 - Level 2.7 Dodging
 - Level 1.7 Stealth


You had 3 spell levels left.
You didn't know any spells.
Your spell library contained the following spells:

 Spells                   Type           Power      Damage    Failure   Level
 Animate Skeleton         Necr           0%         N/A       45%         1
 Apportation              Tloc           0%         N/A       45%         1
 Summon Small Mammal      Summ           0%         N/A       45%         1
 Scorch                   Fire           0%         2d5       58%         2
 Inner Flame              Hex/Fire       0%         N/A       83%         3
 Cause Fear               Hex            0%         N/A       99%         4
 Flame Wave               Conj/Fire      0%         2d4       99%         4
 Summon Cactus Giant      Summ           0%         N/A       100%        6
 Discord                  Hex            0%         N/A       100%        8


Dungeon Overview and Level Annotations

Branches:
Dungeon (4/15)             Temple (0/1) D:4

Altars:
Cheibriados
Dithmenos


Message History

The jelly quivers.
You hit the hound.
The hound is lightly wounded.
You hit the iguana but do no damage. The hound bites you.
The iguana closely misses you. The hound completely misses you.
You hit the hound.
The hound is heavily wounded.
You hit the iguana but do no damage. The hound bites you but does no damage.
The iguana bites you!
You closely miss the hound. Your punch misses the hound.
The hound is heavily wounded.
You hit the endoplasm.
You kill the endoplasm!
Beogh accepts your kill.
You hit the iguana but do no damage. You completely miss the goblin.
The hound misses you. The iguana closely misses you. The hound bites you.
The goblin hits you with a +0 dagger.
You hit the hound.
The hound is severely wounded.
You closely miss the orc. You hit the goblin. You closely miss the iguana.
The orc closely misses you. The hound bites you. The iguana barely misses you.
The goblin hits you with a +0 dagger.
You hit the hound but do no damage.
The hound is severely wounded.
You barely miss the iguana. You hit the goblin.
You kill the goblin!
Beogh accepts your kill.
You hit the orc. The hound bites you but does no damage. The orc misses you.
The iguana bites you!
* * * LOW HITPOINT WARNING * * *
The hound bites you but does no damage.
You closely miss the hound.
The hound is severely wounded.
You hit the orc. You hit the jelly but do no damage.
Your hands burn!
* * * LOW HITPOINT WARNING * * *
You barely miss the iguana. The orc hits you with a +0 hand axe.
* * * LOW HITPOINT WARNING * * *
The jelly hits you but does no damage. The hound bites you but does no damage.
The iguana bites you!
You die...

.. .. #............
.#.#.#.#..####...######.
..........# #...# #.
.......#..# #...# #.
.....[....# #...# ##
...>...#.. #...# #
.........#####...# #
......J#o........# #
......l@h.######## #
.#.#.#.#..# # ......# #
###....# ######


You could see an iguana, a hound, a jelly and an orc.

Vanquished Creatures
  An iguana (D:3)
  2 adders
  2 worms (D:2)
  A dart slug (D:3)
  4 endoplasms
  3 giant cockroaches
  5 hobgoblins
  3 jackals (D:1)
  9 kobolds
  2 quokkas
  5 ball pythons
  5 bats
  A frilled lizard (D:1)
  4 goblins
  A quokka skeleton (D:4)
  2 rats (D:2)
50 creatures vanquished.

Vanquished Creatures (others)
  An orc (D:4)
  4 plants
5 creatures vanquished.

Grand Total: 55 creatures vanquished

Notes
Turn   | Place    | Note
-------+----------+-------------------------------------------
     0 | D:1      | gzilladon the Hill Orc Monk began the quest for the Orb.
     0 | D:1      | Reached XP level 1. HP: 19/19 MP: 1/1
   261 | D:1      | Reached XP level 2. HP: 25/27 MP: 2/2
   396 | D:1      | Found a faded altar of an unknown god.
  1052 | D:2      | HP: 1/27 [adder (1)]
  1055 | D:2      | Reached skill level 5 in Axes
  1055 | D:2      | Reached XP level 3. HP: 2/33 MP: 3/3
  2803 | D:3      | Found a shadowy altar of Dithmenos.
  2809 | D:3      | Found a snail-covered altar of Cheibriados.
  2980 | D:3      | HP: 1/33 [iguana (10)]
  3591 | D:3      | Reached skill level 1 in Armour
  3591 | D:3      | Reached XP level 4. HP: 23/40 MP: 4/4
  3948 | D:4      | Reached skill level 6 in Axes
  4096 | D:4      | Noticed a sky beast
  4613 | D:4      | Became a worshipper of Beogh the Brigand
  4613 | D:4      | Reached * piety under Beogh
  4613 | D:4      | Reached ** piety under Beogh
  4642 | D:4      | Found a staircase to the Ecumenical Temple.
  4652 | D:4      | Mangled by an iguana

Illustrated notes

Levels and vault maps discovered:
D:1:      wander_arrival_fairy_ring, layout_basic, ebering_ecumenical_altar_rust
D:2:      layout_basic
D:3:      layout_basic, mainiacjoe_overflow_catwalk_spiral
D:4:      layout_basic, pdpol_temple_overflow_zin_treasury_gozag_greed,
          minmay_temple_entry_glass, st_stairs_9, sigmund_edmund_badplayer,
          uniq_robin, uniq_duvessa

Skill      XL: |  1  2  3  4 |
---------------+-------------+-----
Axes           | 5 6 |  6.1
Fighting       | 4 |  4.0
Armour         | 1 |  1.1
Dodging        | |  2.7
Stealth        | |  1.7

Action                   |  1- 3 |  4- 6 || total
-------------------------+-------+-------++-------
Melee: Hand axe          |   137 |    32 ||   169
       Punch             |     1 |       ||     1
Invok: Convert to Beogh  |       |     1 ||     1
 Stab: Sleeping          |     1 |       ||     1
Armor: Robe              |    19 |       ||    19
       Leather armour    |     9 |    12 ||    21
       Ring mail         |       |     7 ||     7
Dodge: Dodged            |    95 |    31 ||   126
